 Dungeon Crawl Stone Soup version 0.30.1-3-gfc49f6343a (webtiles) character file.

Game seed: 10099950947609636352

17553 billz999 the Thaumaturge (level 12, -1/84 HPs)
             Began as a Djinni Ice Elementalist on July 31, 2023.
             Was an Elder of Dithmenos.
             Slain by a basilisk (8 damage)
             ... while petrified by a basilisk
             ... on level 4 of the Lair of Beasts on Aug 3, 2023.
             The game lasted 00:49:14 (12635 turns).

billz999 the Thaumaturge (Djinni Ice Elementalist) Turns: 12635, Time: 00:49:15

Health: -1/84      AC:  5    Str: 13    XL:     12   Next: 84%
Gold:   401        EV:  2    Int: 20    God:    Dithmenos [****..] SH:  0 Dex: 27

rFire   + + .        E - +6 sling (heavy)
rCold   x . .        (no shield)
rNeg    + + +        a - +0 robe
rPois   ∞            h - +0 helmet
rElec   .            B - +0 cloak
rCorr   .            i - +0 pair of gloves of the Gusle {Contam Dex+5}
SInv    .            (boots unavailable)
Will    +....        (no amulet)
Stlth   ++++         p - +6 ring of dexterity
HPRegen 0.34/turn    F - +6 ring of strength
MPRegen 0.00/turn

%: infuse magic (-2 HP)
@: petrified, flying, wreathed by umbra
A: sickness immunity, fire resistance 2, cold vulnerability 1, float, innate
caster, HP casting, extra vitality 1
a: Renounce Religion, Shadow Step


You were on level 4 of the Lair of Beasts.
You worshipped Dithmenos.
Dithmenos was greatly pleased with you.
You visited 2 branches of the dungeon, and saw 16 of its levels.

You collected 676 gold pieces.
You spent 275 gold pieces at shops.

Inventory:

Hand Weapons
 b - a +2 dagger of venom
 r - a +2 dire flail of flaming
 D - the +5 mace "Boattitt" {protect, *Slow Will+ Dex+7}
   (You bought it in a shop on level 4 of the Dungeon)

   Dex:       It affects your dexterity (+7).
   *Slow:     It may slow you when you take damage.
   Will:      It increases your willpower.
 E - a +6 heavy sling (weapon)
Missiles
 d - 3 curare-tipped darts
 y - 2 throwing nets
Armour
 a - a +0 robe (worn)
 h - a +0 helmet (worn)
 i - the +0 pair of gloves of the Gusle (worn) {Contam Dex+5}
   (You found it on level 2 of the Dungeon)

   Dex:       It affects your dexterity (+5).
   Contam:    It causes magical contamination when unequipped.
 B - a +0 cloak (worn)
Jewellery
 p - a +6 ring of dexterity (left hand)
 t - a ring of wizardry
 F - a +6 ring of strength (right hand)
Wands
 s - a wand of paralysis (23)
 u - a wand of iceblast (12)
Scrolls
 c - 2 scrolls of poison
 e - a scroll of blinking
 f - 9 scrolls of teleportation
 j - 2 scrolls of immolation
 l - a scroll of enchant armour
 m - 4 scrolls of vulnerability
 z - 2 scrolls of brand weapon
 G - a scroll of fear
 H - 3 scrolls of identify
Potions
 g - 2 potions of heal wounds
 k - 2 potions of flight
 n - a potion of might
 o - 3 potions of invisibility {unknown}
 q - 4 potions of curing {unknown}
 w - 2 potions of mutation {unknown}
 x - 3 potions of degeneration {unknown}
 A - 2 potions of brilliance {unknown}
 C - a potion of magic {unknown}
Miscellaneous
 v - a box of beasts


   Skills:
 + Level 6.3 Fighting
 * Level 7.5 Ranged Weapons
 - Level 2.1 Dodging
 - Level 1.5 Stealth
 - Level 13.4 Spellcasting


You knew the following spells:

 Your Spells              Type           Power      Damage    Failure   Level
a - Freeze                Ice            100%       1d10      1%          1
b - Frozen Ramparts       Ice            100%       1d16      1%          3
c - Ozocubu's Armour      Ice            61%        N/A       1%          3
d - Summon Ice Beast      Ice/Summ       61%        N/A       1%          4
e - Necrotise             Necr           100%       1d9       1%          1
f - Blink                 Tloc           100%       N/A       1%          2
g - Momentum Strike       Conj/Tloc      100%       3d10      1%          2
h - Confusing Touch       Hex            61%        N/A       1%          3
i - Borgnjor's Vile Clut  Necr/Erth      30%        N/A       1%          5
Your spell library was empty.

Dungeon Overview and Level Annotations

Branches:
Dungeon (12/15)            Temple (0/1) D:4            Lair (4/5) D:8
  Snake (0/4) Lair:2
  Swamp: Lair:2-3    Shoals: Lair:2-3     Slime: Lair:4-5       Orc: D:9-12

Altars:
Dithmenos
Elyvilon
Fedhas
Gozag
Ru
Trog
Uskayaw
Xom

Shops:
D:4 ([(   D:12 :

Portals:
Ice
Cave: Lair:3
Gauntlet: D:12

Annotations:
D:3 1 runed translucent door, jujuben's ghost, weakling MiHu
Lair:3 Rupert
Lair:4 3 runed translucent doors, Snorg


Innate Abilities, Weirdness & Mutations

You are immune to sickness and miasma.
You are immune to poison.
Your flesh is very heat resistant. (rF++)
You are vulnerable to cold. (rC-)
You float through the air rather than walking.
You learn spells naturally, not from books.
Your magical power is your life essence.
You have superior vitality. (+4 MHP)


Message History

Snorg struggles to escape constriction.
The polar bear closely misses your ice beast.
The polar bear claws your ice beast. The polar bear misses your ice beast.
Your ice beast hits the polar bear.
Your ice beast freezes the polar bear.
The polar bear resists.
Your limbs are stiffening.
Unknown command.
Unknown command.
Okay, then.
You feel much better.
The zombie hands constrict Snorg!!
The polar bear bites your ice beast but does no damage.
The polar bear claws your ice beast.
Your ice beast dies!
Your ice beast disappears in a puff of smoke!
Snorg escapes!
You have turned to stone.
The basilisk gazes at you.
You easily resist.
The basilisk gazes at you.
You easily resist.
Snorg bites you! Snorg claws you but does no damage. Snorg claws you!
The basilisk gazes at you.
You easily resist.
Snorg bites you! Snorg claws you. x2
Snorg bites you. Snorg claws you! Snorg claws you.
The polar bear completely misses you. The polar bear claws you. x2
The polar bear bites you but does no damage.
The polar bear claws you but does no damage.
The polar bear claws you.
Snorg goes berserk!
Snorg bites you! Snorg claws you!! Snorg claws you!
The polar bear bites you but does no damage.
The polar bear claws you. x2
Snorg bites you! Snorg claws you!
* * * LOW HITPOINT WARNING * * *
Snorg barely misses you. Snorg bites you.
* * * LOW HITPOINT WARNING * * *
Snorg claws you.
* * * LOW HITPOINT WARNING * * *
Snorg completely misses you. The polar bear bites you!
* * * LOW HITPOINT WARNING * * *
The polar bear claws you but does no damage. x2
The basilisk bites you!
You die...

.# ..# .##..#..
#.............
............. ##.
......##.....### #...
##......#......#.
#...###h#..........#...
#....@T...............
#.....l..†............
#.....................
#.....P#.#..†...........
##...###..###...........
#... #P...###.......)..
#.#. ##....##.....#.##..
##.. +.....###....#####.
#. ###...# #....# .#..


You could see Snorg (berserk), a polar bear and a basilisk.

Vanquished Creatures
  2 hydras
  A boulder beetle (Lair:2)
  Urug (Lair:1)
  A fire crab (Lair:4)
  Pikel (D:4)
  3 elephants (Lair:1)
  Joseph (D:9)
  A torpor snail (Lair:2)
  3 cane toads
  4 komodo dragons
  A hornet (D:9)
  A polar bear (Lair:3)
  Prince Ribbit (D:5)
  2 blink frogs (Lair:2)
  Sigmund (D:2)
  A wyvern (D:7)
  11 yaks
  A wraith (D:12)
  3 basilisks
  A redback (shapeshifter) (D:9)
  3 vampire mosquitoes (D:12)
  Edmund (D:4)
  Menkaure (D:5)
  A steam dragon (D:9)
  A swamp worm (Lair:3)
  8 water moccasins
  A sky beast (D:6)
  An ice beast (D:5)
  2 black bears
  8 wolves
  3 phantoms
  3 lemures (D:4)
  7 bullfrogs
  3 wights (D:8)
  4 killer bees
  A howler monkey (D:7)
  2 hounds
  2 orc priests
  2 jellies
  A gnoll bouda (D:4)
  3 iguanas
  An orc wizard (D:9)
  Natasha (D:4)
  Robin (D:4)
  6 gnolls
  7 adders
  2 worms
  5 dart slugs
  19 orcs
  11 ball pythons
  7 endoplasms
  3 giant cockroaches
  18 goblins
  6 hobgoblins
  2 jackals (D:1)
  7 kobolds
  4 quokkas
  6 bats
  2 frilled lizards
  3 rats
210 creatures vanquished.

Vanquished Creatures (collateral kills)
  A two-headed ogre (D:10)
  An elephant (D:8)
  A komodo dragon (Lair:3)
  A blink frog (Lair:2)
  A wyvern (Lair:4)
  5 yaks
  A steam dragon (D:8)
  2 water moccasins
  An ice beast (D:5)
  A wolf (Lair:4)
  A bullfrog (Lair:1)
  A wight (D:8)
  A gnoll bouda (D:8)
  A sleepcap (D:8)
  2 gnolls (D:8)
  A white imp (D:6)
22 creatures vanquished.

Grand Total: 232 creatures vanquished

Notes
Turn   | Place    | Note
-------+----------+-------------------------------------------
     0 | D:1      | billz999 the Djinni Ice Elementalist began the quest for
                  | the Orb.
     0 | D:1      | billz999 set off with the following spells memorised:
                  | Freeze, Frozen Ramparts, Ozocubu's Armour, Summon Ice
                  | Beast.
     0 | D:1      | Reached XP level 1. HP: 15/15 MP: 0/0
    68 | D:1      | Reached XP level 2. HP: 20/21 MP: 0/0
   185 | D:1      | Reached XP level 3. HP: 22/25 MP: 0/0
   185 | D:1      | Learned a level 1 spell: Necrotise
   295 | D:1      | Reached skill level 4 in Spellcasting
   689 | D:2      | Identified the +0 pair of gloves of the Gusle {Contam
                  | Dex+5}
   760 | D:2      | Reached XP level 4. HP: 28/31 MP: 0/0
   826 | D:2      | Noticed Sigmund
   847 | D:2      | Killed Sigmund
   848 | D:2      | Reached skill level 5 in Spellcasting
   848 | D:2      | Reached XP level 5. HP: 1/35 MP: 0/0
   848 | D:2      | Learned a level 2 spell: Blink
   848 | D:2      | Reached XP level 6. HP: 2/40 MP: 0/0
  1836 | D:3      | Found a shadowy altar of Dithmenos.
  2088 | D:3      | Found a runed translucent door.
  2089 | D:3      | Noticed jujuben's ghost (weakling MiHu)
  2164 | D:3      | Became a worshipper of Dithmenos the Shadowed
  2194 | D:4      | Found Siafebee's Antique Weapon Shoppe.
  2194 | D:4      | Found Noicw's Antique Armour Shoppe.
  2194 | D:4      | Found Nouten's Antique Weapon Shoppe.
  2326 | D:4      | Noticed a black bear
  2332 | D:4      | Killed a black bear
  2333 | D:4      | Reached skill level 6 in Spellcasting
  2333 | D:4      | Reached XP level 7. HP: 30/45 MP: 0/0
  2333 | D:4      | Learned a level 2 spell: Momentum Strike
  2489 | D:4      | Reached * piety under Dithmenos
  2690 | D:4      | Noticed Pikel
  2704 | D:4      | Killed Pikel
  2705 | D:4      | Reached skill level 7 in Spellcasting
  2705 | D:4      | Reached XP level 8. HP: 12/50 MP: 0/0
  3100 | D:4      | Noticed Edmund
  3102 | D:4      | Noticed Robin
  3113 | D:4      | Killed Robin
  3115 | D:4      | Killed Edmund
  3116 | D:4      | Reached skill level 8 in Spellcasting
  3427 | D:4      | Noticed Natasha
  3429 | D:4      | Killed Natasha
  3602 | D:4      | Found a staircase to the Ecumenical Temple.
  3636 | D:5      | Entered Level 5 of the Dungeon
  3645 | D:5      | Noticed Prince Ribbit
  3657 | D:5      | Killed Prince Ribbit
  3732 | D:5      | Reached XP level 9. HP: 50/55 MP: 0/0
  3732 | D:5      | Learned a level 3 spell: Confusing Touch
  4047 | D:5      | Reached skill level 9 in Spellcasting
  4284 | D:5      | Noticed Menkaure
  4286 | D:5      | Found a sacrificial altar of Ru.
  4295 | D:5      | Killed Menkaure
  4298 | D:5      | HP: 2/55 [phantom (2)]
  5131 | D:6      | Reached ** piety under Dithmenos
  5317 | D:6      | Found a blossoming altar of Fedhas.
  5529 | D:6      | Found a shimmering altar of Xom.
  5704 | D:7      | Reached skill level 10 in Spellcasting
  6424 | D:8      | Found a staircase to the Lair.
  6427 | D:8      | Noticed an elephant
  6539 | D:8      | Reached XP level 10. HP: 38/60 MP: 0/0
  6636 | D:8      | Reached skill level 11 in Spellcasting
  6822 | D:8      | Found a hide-covered altar of Uskayaw.
  6885 | D:8      | Killed an elephant
  7620 | D:8      | Found a bloodstained altar of Trog.
  7620 | D:8      | Found an opulent altar of Gozag.
  7683 | D:9      | Noticed Joseph
  7696 | D:9      | Killed Joseph
  7915 | D:9      | Found a white marble altar of Elyvilon.
  7984 | D:9      | Reached skill level 12 in Spellcasting
  8003 | D:9      | Reached *** piety under Dithmenos
  8308 | D:9      | You are sucked into a shaft and drop 3 floors!
  8328 | D:12     | Found Vaverch's Vocational Training.
  8499 | D:12     | Noticed a boulder beetle
  8583 | D:12     | Found a gate leading to a gauntlet.
  8624 | D:12     | Noticed a white ugly thing
  8663 | D:10     | Entered Level 10 of the Dungeon
  8663 | D:10     | Noticed a two-headed ogre
  8677 | D:10     | Killed a two-headed ogre
  8678 | D:10     | Reached XP level 11. HP: 65/65 MP: 0/0
  8678 | D:10     | Learned a level 5 spell: Borgnjor's Vile Clutch
  8748 | Lair:1   | Entered Level 1 of the Lair of Beasts
  8855 | Lair:1   | Noticed an elephant
  8867 | Lair:1   | Noticed an elephant
  8867 | Lair:1   | Noticed an elephant
  8869 | Lair:1   | Killed an elephant
  8870 | Lair:1   | Reached skill level 13 in Spellcasting
  9158 | Lair:1   | Killed an elephant
  9172 | Lair:1   | Killed an elephant
  9650 | D:4      | Bought a scorched mace for 176 gold pieces
  9650 | D:4      | Identified the +5 mace "Boattitt" {protect, *Slow Will+
                  | Dex+7} (You bought it in a shop on level 4 of the Dungeon)
  9650 | D:4      | Bought a runed sling for 99 gold pieces
  9835 | Lair:1   | Noticed Urug
  9841 | Lair:1   | Killed Urug
  9842 | Lair:1   | Reached skill level 1 in Fighting
  9842 | Lair:1   | Reached skill level 1 in Ranged Weapons
 10926 | Lair:2   | Found a staircase to the Snake Pit.
 11060 | Lair:2   | Reached XP level 12. HP: 73/77 MP: 0/0
 11393 | Lair:2   | Noticed a five-headed hydra
 11401 | Lair:2   | Killed a five-headed hydra
 11402 | Lair:2   | Reached skill level 5 in Ranged Weapons
 11563 | Lair:2   | Noticed a boulder beetle
 11571 | Lair:2   | Killed a boulder beetle
 11688 | Lair:2   | Reached skill level 5 in Fighting
 12033 | Lair:3   | Found a frozen archway.
 12056 | Lair:3   | Noticed Rupert
 12234 | Lair:3   | Noticed an eight-headed hydra
 12241 | Lair:3   | Killed an eight-headed hydra
 12423 | Lair:4   | Reached **** piety under Dithmenos
 12505 | Lair:4   | Found a runed translucent gate.
 12505 | Lair:4   | Found a runed translucent gate.
 12505 | Lair:4   | Found a runed translucent gate.
 12506 | Lair:4   | Noticed a rockslime
 12507 | Lair:4   | Noticed a fire crab
 12518 | Lair:4   | Killed a fire crab
 12620 | Lair:4   | Noticed Snorg
 12635 | Lair:4   | Slain by a basilisk

Illustrated notes

Levels and vault maps discovered:
D:1:      lightli_arrival_maybe_door_vault, layout_rooms
D:2:      layout_loops_ring, uniq_sigmund
D:3:      layout_rooms, mainiacjoe_overflow_concentric_impassable,
          ebering_ghost_reflecting_pool
D:4:      layout_loops_ring, temple_green, nicolae_shop_distant_corner_stores,
          minmay_diced_spiral, uniq_edmund, uniq_robin, uniq_natasha, uniq_pikel
D:5:      layout_basic, mainiacjoe_overflow_paths, hangedman_decor_growths,
          uniq_menkaure, uniq_prince_ribbit1
D:6:      layout_basic, old_standard_altar, mainiacjoe_overflow_brackets
D:7:      layout_loops_ring
D:8:      layout_gridville, mainiacjoe_overflow_alcove_2,
          gammafunk_temple_overflow_wave, david_lair_generic
D:9:      layout_long_grid, lemuel_doored_altar, bh_walls_and_bars, uniq_grum,
          uniq_joseph
D:10:     layout_small_grid, amethyst_overflow_temple_binary, orc_0_dummy
D:11:     layout_cave_pods, serial_shops, nicolae_shop_window_shopping
D:12:     layout_basic, gauntlet_entry_generic, nicolae_shop_vocational,
          uniq_josephine
Lair:1:   layout_cave_pods, grunt_megastairs_3, lemuel_fruit_fields, uniq_urug
Lair:2:   layout_regular_city, dummy_snake_entry, lemuel_fruit_fields,
          grunt_megastairs_2
Lair:3:   layout_hall_layers, palyth_hydra_swamp_entry,
          portal_ice_cave_entry_pillars_2, uniq_rupert
Lair:4:   layout_regular_city, nicolae_slime_entry_slimehenge,
          gammafunk_ghost_ooze, st_stairs_3, minivault_26, uniq_snorg

Skill      XL: |  1  2  3  4  5  6  7  8  9 10 11 12 |
---------------+-------------------------------------+-----
Spellcasting   | 4 5 6 7 8 10 12 13 | 13.4
Fighting       | 3 6 |  6.3
Ranged Weapons | 4 7 |  7.5
Dodging        | |  2.1
Stealth        | |  1.5

Action                     |  1- 3 |  4- 6 |  7- 9 | 10-12 || total
---------------------------+-------+-------+-------+-------++-------
  Melee: Dagger            |     1 |     6 |     5 |       ||    12
         Dire flail        |       |       |    30 |    16 ||    46
   Fire: Sling             |       |       |       |    71 ||    71
   Cast: Freeze            |    46 |    35 |    63 |    16 ||   160
         Frozen Ramparts   |       |    11 |    41 |    32 ||    84
         Ozocubu's Armour  |       |       |    10 |     4 ||    14
         Summon Ice Beast  |       |       |     6 |    32 ||    38
         Necrotise         |       |       |     4 |       ||     4
         Momentum Strike   |       |       |     2 |     3 ||     5
         Blink             |       |       |     1 |       ||     1
         Confusing Touch   |       |       |     1 |       ||     1
         Borgnjor's Vile C |       |       |       |    68 ||    68
  Evoke: Wand              |       |       |       |     1 ||     1
    Use: Scroll            |       |     4 |     5 |    10 ||    19
         Potion            |       |       |     1 |     2 ||     3
   Stab: Sleeping          |       |       |     3 |       ||     3
 Armour: Robe              |    10 |     2 |    24 |    21 ||    57
  Dodge: Dodged            |    30 |    21 |    85 |    64 ||   200
